 Dungeon Crawl Stone Soup version 0.30-a0-140-gd1020e658a (webtiles) character file.

Game seed: 5847184143320323513

77 Monkooky the Grasshopper (level 4, -3/30 HPs)
             Began as a Barachi Wanderer on Sept 24, 2022.
             Was a Believer of Wu Jian.
             Slain by a black bear (5 damage)
             ... on level 3 of the Dungeon.
             The game lasted 00:04:47 (2146 turns).

Monkooky the Grasshopper (Barachi Wanderer)         Turns: 2146, Time: 00:04:48

Health: -3/30      AC:  7    Str: 12    XL:     4   Next: 34%
Magic:  3/5        EV: 14    Int: 16    God:    Wu Jian [**....]
Gold:   132        SH:  0    Dex: 11    Spells: 3/5 levels left

rFire   . . .      SeeInvis .    n - +0 dagger
rCold   . . .      Faith    .    (no shield)
rNeg    + . .      Spirit   .    i - +1 ring mail {rN+}
rPois   .          Reflect  .    (no helmet)
rElec   .          Harm     .    (no cloak)
rCorr   .          Rampage  .    (no gloves)
Will    +....                    d - +0 pair of boots
Stlth   +.........               (no amulet)
HPRegen 0.10/turn                r - +4 ring of evasion
MPRegen 0.09/turn                u - ring of willpower

@: unable to hop, very slightly contaminated, slow
A: amphibious, slowness 1, strong legs 1, +LOS
a: Hop, Renounce Religion, Wall Jump


You were on level 3 of the Dungeon.
You worshipped Wu Jian.
Wu Jian was pleased with you.
You visited 1 branch of the dungeon, and saw 3 of its levels.

You collected 132 gold pieces.

Inventory:

Hand Weapons
 a - a +0 club
 m - a +0 whip
 n - a +0 dagger (weapon)
Armour
 c - a +0 robe
 d - a +0 pair of boots (worn)
 i - a +1 ring mail of positive energy (worn)
Jewellery
 e - a ring of ice
 r - a +4 ring of evasion (left hand)
 u - a ring of willpower (right hand)
Wands
 p - a wand of polymorph (8)
Scrolls
 f - a scroll of poison
 g - a scroll of enchant weapon {unknown}
 h - a scroll of teleportation {unknown}
 o - a scroll of fear {unknown}
 t - a scroll of vulnerability {unknown}
Potions
 b - 4 potions of curing
 j - a potion of brilliance {unknown}
 k - a potion of mutation {unknown}
 l - a potion of heal wounds {unknown}
 q - a potion of flight {unknown}
 s - a potion of degeneration {unknown}
 v - a potion of lignification {unknown}
 w - a potion of invisibility {unknown}


   Skills:
 + Level 3.2 Short Blades
 - Level 2.6 Stealth
 - Level 1.1 Spellcasting
 - Level 2.7 Summonings
 - Level 1.7 Necromancy
 - Level 3.2 Translocations
 - Level 1.1 Evocations


You had 3 spell levels left.
You knew the following spells:

 Your Spells              Type           Power      Damage    Failure   Level
a - Necrotise             Necr           24%        1d5       26%         1
b - Summon Small Mammal   Summ           36%        N/A       17%         1

Your spell library contained the following spells:

 Spells                   Type           Power      Damage    Failure   Level
 Apportation              Tloc           22%        N/A       14%         1
 Vampiric Draining        Necr           6%         2d6       58%         3
 Portal Projectile        Hex/Tloc       12%        N/A       61%         3
 Anguish                  Hex/Necr       1%         N/A       98%         4


Dungeon Overview and Level Annotations

Branches:
Dungeon (3/15)

Altars:
Wu Jian


Innate Abilities, Weirdness & Mutations

You are amphibious.
You cover ground slowly.
You can hop short distances.
You have an extended range of vision and can be seen from far away.


Message History

The black bear is almost dead.
The black bear bites you!
* * * LOW HITPOINT WARNING * * *
The black bear claws you.
* * * LOW HITPOINT WARNING * * *
The black bear claws you but does no damage.
Your rat barely misses the black bear.
The black bear bites your rat!
Your rat dies!
Your rat's corpse disappears in a puff of smoke!
Unknown command.
Unknown command.
Hop to where?
Press: ? - help, Dir - move target Boing!
You are too injured to fight recklessly!
Casting: Summon Small Mammal (safe; 17% risk of failure)
Press: ? - help, Q - select action, (/) - cycle Dir - look around, f - activate You miscast Summon Small Mammal.
You are very lightly contaminated with residual magic.
Nothing appears to happen.
Casting: Summon Small Mammal (safe; 17% risk of failure)
Press: ? - help, Q - select action, (/) - cycle Dir - look around, f - activate Your bat completely misses the black bear.
Your bat barely misses the black bear. x2
Aiming: Polymorph
Press: ? - help, Shift-Dir - straight line, f - black bear
Aim: a black bear (severely wounded, berserk, ally target, will become a harpy, a hog, or a shapeshifter, chance to affect: 50%)
Okay, then.
Unknown command.
The air fills with toxic fumes!
As you read the scroll labelled HUKLIM POURR, it crumbles to dust.
It was a scroll of poison.
Your bat hits the black bear but does no damage.
Your bat barely misses the black bear.
The black bear misses your bat. The black bear barely misses your bat.
The black bear claws your bat.
Your bat dies!
Your bat's corpse disappears in a puff of smoke!
The black bear bites you.
You die...

##..####§###
......{)!..#
#######.#.# #.#.#
#.#.#######.#.#
#......).§§§#.#
###.########§§####
#§§§§§h§#
#.#.###@# #.#.#
#§# ..#.# #§#
####.###§# #.##§§#
#.##§##
♣########.##§##.#
♣[..<......§§)..#
♣###########§####


You could see a black bear (berserk).

Vanquished Creatures
  2 adders (D:2)
  2 dart slugs
  An orc (D:3)
  5 ball pythons
  4 endoplasms
  2 giant cockroaches
  3 goblins
  4 hobgoblins
  A jackal (D:1)
  2 quokkas (D:1)
  2 bats (D:2)
  2 frilled lizards
  5 kobolds
  2 rats (D:1)
37 creatures vanquished.

Vanquished Creatures (collateral kills)
  An adder (D:2)
  An orc (D:3)
  A giant cockroach (D:1)
3 creatures vanquished.

Vanquished Creatures (others)
  A fungus (D:1)
  A plant (D:1)
2 creatures vanquished.

Grand Total: 42 creatures vanquished

Notes
Turn   | Place    | Note
-------+----------+-------------------------------------------
     0 | D:1      | Monkooky the Barachi Wanderer began the quest for the Orb.
     0 | D:1      | Monkooky set off with the following items: a +0 club, a
                  | potion of curing, a +0 robe, a +0 pair of boots; and the
                  | following spells available to memorise: Apportation,
                  | Necrotise, Portal Projectile, Vampiric Draining, Anguish.
     0 | D:1      | Reached XP level 1. HP: 13/13 MP: 2/2
    53 | D:1      | Learned a level 1 spell: Necrotise
    55 | D:1      | Learned a level 1 spell: Summon Small Mammal
   118 | D:1      | Reached skill level 1 in Summonings
   311 | D:1      | Reached XP level 2. HP: 19/19 MP: 0/3
   584 | D:1      | Found a faded altar of an unknown god.
   607 | D:1      | Prayed at the altar of an unknown god.
   607 | D:1      | Became a worshipper of the Wu Jian Council
   607 | D:1      | Reached * piety under Wu Jian
   934 | D:1      | Reached skill level 1 in Short Blades
   934 | D:1      | Reached XP level 3. HP: 16/24 MP: 1/4
  1854 | D:2      | Reached XP level 4. HP: 29/30 MP: 2/5
  2099 | D:3      | Reached ** piety under Wu Jian
  2115 | D:3      | Noticed a black bear
  2146 | D:3      | Slain by a black bear

Illustrated notes

Levels and vault maps discovered:
D:1:      dpeg_arrival_ternary, layout_basic,
          shapermc_ecumenical_altar_mp_ritualfount, serial_bayou,
          serial_bayou_shore_a, serial_bayou_crossing, serial_bayou_pond_d,
          serial_bayou_lagoon_a, nrook_uturn, minmay_indecisive_spiral
D:2:      layout_rooms
D:3:      layout_loops_ring, lemuel_round_altar, mainiacjoe_overflow_paths

Skill      XL: |  1  2  3  4 |
---------------+-------------+-----
Summonings     | 2 |  2.7
Short Blades   | 1 2 3 |  3.2
Stealth        | |  2.6
Spellcasting   | |  1.1
Necromancy     | |  1.7
Translocations | |  3.2
Evocations     | |  1.1

Action                   |  1- 3 |  4- 6 || total
-------------------------+-------+-------++-------
Melee: Club              |    20 |       ||    20
       Dagger            |    83 |    61 ||   144
       Punch             |       |     1 ||     1
 Cast: Necrotise         |    28 |       ||    28
       Summon Small Mamm |     4 |     5 ||     9
Invok: Lunge             |     5 |     1 ||     6
 Abil: Hop               |       |     1 ||     1
  Use: Scroll            |       |     1 ||     1
 Stab: Distracted        |       |     1 ||     1
Armor: Ring mail         |    49 |    25 ||    74
Dodge: Dodged            |    61 |    47 ||   108

Table legend: (Time is in decaauts)
 A = Elapsed time spent in this place.
 B = Non-inter-level travel time spent in this place.
 C = Inter-level travel time spent in this place.
 D = Time resting spent in this place.
 E = Time spent auto-exploring this place.
 F = Levels seen in this place.
 G = Mean time per level.
                   A        B        C        D        E       F      G
               +--------+--------+--------+--------+--------+-----+--------+
         Total |   2382 |   2245 |    137 |      4 |   1831 |   3 |  794.0 |
       Dungeon |   2382 |   2245 |    137 |      4 |   1831 |   3 |  794.0 |
               +--------+--------+--------+--------+--------+-----+--------+

Top non-repeatable levels by time:
     D:1: 1328 daAuts
     D:2: 909 daAuts
     D:3: 143 daAuts
